AoeStats
← Kanyaga

Golden Pit

508215256Analyzed
1v1 RM · 11d ago on Sep 21, 2026· 29m 16s· 2 players
Game mode
Random Map
Map size
Tiny (2 player)
Population
200
Speed
Normal
Resources
Standard
Victory
Conquest
Starting age
Dark Age
Ending age
Imperial Age
RankedLock teamsTeams togetherTeam positionsShared explorationLock speedFull tech treeHidden civsTurbo modeCheats
Victory
Defeat
🇹🇷 Huns · Türkiye
1454
+17
🇮🇳 Mongols · India
1484
-17
Kanyaga
6:39 Loom
10:25 Feudal Age
11:01 Double-Bit Axe
16:49 Forging
16:45 Scale Barding Armor
20:17 Gold Mining
23:21 Castle Age
21:32 Horse Collar
22:05 Bloodlines
24:30 Chain Barding Armor
25:08 Bow Saw
25:00 Heavy Plow
25:13 Husbandry
28:07 Iron Casting
28:40 Wheelbarrow
AghastMink16521
1:18 Loom
9:16 Feudal Age
9:43 Town Watch
9:45 Double-Bit Axe
12:46 Horse Collar
20:46 Wheelbarrow
26:02 Castle Age
25:02 Fletching
25:13 Padded Archer Armor
25:32 Bloodlines
25:23 Stone Mining
25:25 Gold Mining
26:47 Bodkin Arrow
27:08 Bow Saw
Connection lost

Rejoining the realm…

Still unreachable

The connection could not be restored.

Session expired

The server has moved on; the page needs a fresh start.